 Dungeon Crawl Stone Soup version 0.25-a0-289-g406d6369f5 (webtiles) character file.

Game seed: 6663033549628980899, levelgen mode: deterministic

392 Faustar the Ruffian (level 6, -1/59 HPs)
             Began as a Troll Warper on Dec 13, 2019.
             Slain by an iguana (3 damage)
             ... on level 4 of the Dungeon.
             The game lasted 00:06:00 (2855 turns).

Faustar the Ruffian (Troll Warper)                  Turns: 2855, Time: 00:06:01

Health: -1/59      AC:  6    Str: 22    XL:     6   Next: 51%
Magic:  8/8        EV: 10    Int:  9    God:
Gold:   91         SH:  0    Dex:  9    Spells: 9/9 levels left

rFire    . . .     SeeInvis .     - Unarmed
rCold    . . .     Gourm    +   (no shield)
rNeg     . . .     Faith    .   a - +0 robe
rPois    .         Spirit   .   (helmet restricted)
rElec    .         Reflect  .   (no cloak)
rCorr    .         Harm     .   (gloves unavailable)
MR       .....                  (boots unavailable)
Stlth    +.........             (no amulet)
HPRegen  0.59/turn              (no ring)
MPRegen  0.11/turn              (no ring)

@: lethally poisoned (-1 -> -3)
A: large, unfitting armour, claws 3, fast metabolism 3, gourmand, regeneration
1, shaggy fur 1, tough skin 3
a: no special abilities


You were on level 4 of the Dungeon.
You were very full.

You visited 1 branch of the dungeon, and saw 4 of its levels.
You also visited: Sewer.

You collected 91 gold pieces.

Inventory:

Missiles
 d - 3 boomerangs of dispersal (quivered)
 n - 8 boomerangs
Armour
 a - a +0 robe (worn)
Jewellery
 j - an uncursed ring of resist corrosion {unknown}
Scrolls
 c - 3 scrolls of blinking
 e - a scroll of teleportation
 h - a scroll of noise
 i - 3 scrolls of identify
 k - a scroll of fear
 o - 2 scrolls of magic mapping {unknown}
 r - a scroll of remove curse
Potions
 b - a potion of degeneration {unknown}
 g - 3 potions of flight {unknown}
 l - 6 potions of heal wounds {unknown}
 m - a potion of curing {unknown}
 q - a potion of might {unknown}
Comestibles
 f - 12 rations
 p - 12 chunks of flesh


   Skills:
 + Level 2.9 Fighting
 + Level 2.8 Throwing
 + Level 3.1 Dodging
 + Level 3.4 Unarmed Combat
 + Level 2.2 Spellcasting
   Level 2.1 Translocations


You had 9 spell levels left.
You didn't know any spells.
Your spell library contained the following spells:

 Spells                   Type           Power        Failure   Level  Hunger
 Blink                    Tloc           N/A          21%         2    ###....
 Shroud of Golubria       Chrm/Tloc      #.....       32%         2    ###....
 Gell's Gravitas          Tloc           #.........   38%         3    ####...
 Lesser Beckoning         Tloc           #.........   38%         3    ####...
 Teleport Other           Tloc           #.......     38%         3    ####...
 Passage of Golubria      Tloc           N/A          80%         4    #####..


Dungeon Overview and Level Annotations

Branches:
Dungeon (4/15)              Sewer (visited)
 Temple: D:4-7

Altars:
Ashenzari
Gozag
Hepliaklqana
Wu Jian


Innate Abilities, Weirdness & Mutations

You are too large for most types of armour.
You have claws for hands.
Your metabolism is lightning-fast.
You like to eat raw meat.
Your natural rate of healing is unusually fast.
You are covered in fur. (AC +1)
You have extremely tough skin. (AC +3)


Message History

You are too injured to fight recklessly!
You are too injured to fight recklessly!
You barely miss the iguana.
You feel sick. The iguana bites you!
* * * LOW HITPOINT WARNING * * *
You claw the iguana!
The iguana is almost dead.
You feel sick. The iguana bites you.
* * * LOW HITPOINT WARNING * * *
You barely miss the iguana.
The iguana is almost dead.
You feel sick. The iguana bites you.
* * * LOW HITPOINT WARNING * * *
Throwing (i - inventory. (/) - cycle)
d - 4 boomerangs of dispersal (quivered)
Press: ? - help, Shift-Dir - straight line, f - iguana
Aim: an iguana (almost dead)
You throw a boomerang of dispersal.
The boomerang of dispersal barely misses the iguana.
* * * LOW HITPOINT WARNING * * *
You feel sick. The iguana bites you.
You die...

). .#.
....## ...
$$$. ....
$_$. .....
$$$
#...##..
.##.....##
.......l.#
.......@.#
##....†).#
...>##.#.#
... ## ..
. ... .#.#
.#.#.
...#..


You could see an iguana.

Vanquished Creatures
  Purgy (Sewer)
  A scorpion (D:4)
  A worker ant (D:2)
  3 gnolls (D:3)
  4 adders
  An ooze (D:3)
  6 worms
  5 dart slugs
  9 leopard geckos
  2 orcs
  2 ball pythons (Sewer)
  7 bats
  5 giant cockroaches
  7 goblins
  5 hobgoblins
  24 jackals
  10 kobolds
  11 frilled lizards
  18 rats
122 creatures vanquished.

Notes
Turn   | Place    | Note
-------+----------+-------------------------------------------
     0 | D:1      | Faustar the Troll Warper began the quest for the Orb.
     0 | D:1      | Reached XP level 1. HP: 19/19 MP: 1/1
   135 | D:1      | Reached skill level 1 in Throwing
   193 | D:1      | Reached XP level 2. HP: 28/28 MP: 3/3
   734 | D:2      | Reached XP level 3. HP: 35/35 MP: 4/4
   888 | D:2      | Reached XP level 4. HP: 34/42 MP: 5/5
  1733 | D:2      | Reached XP level 5. HP: 44/50 MP: 6/6
  2032 | D:3      | Found a hazy altar of Hepliaklqana.
  2172 | D:3      | Found a shattered altar of Ashenzari.
  2425 | D:3      | Found a glowing drain.
  2470 | Sewer    | Entered a sewer
  2492 | Sewer    | Noticed Purgy
  2536 | Sewer    | Killed Purgy
  2536 | Sewer    | Reached XP level 6. HP: 46/59 MP: 6/8
  2825 | D:3      | Found an ornate altar of the Wu Jian Council.
  2834 | D:4      | Found an opulent altar of Gozag.
  2855 | D:4      | HP: 2/59 [poisoned by a scorpion]
  2855 | D:4      | Slain by an iguana

Levels and vault maps discovered:
D:1:      wheals_arrival_linesprint, layout_basic, minmay_misc_feat_encased,
          chequers_serial_rivers_small_b, minmay_heptomino_l4
D:2:      minmay_razor_zed, layout_basic, first_ration
D:3:      layout_basic, nicolae_overflow_crystal_walls, lemuel_round_altar,
          portal_sewer_entry_f, evilmike_ruin_ashenzari
D:4:      layout_cave_pools, kennysheep_mini, nicolae_gozag_seed_capital,
          led_sif_book, gammafunk_ghost_arena

Skill      XL: |  1  2  3  4  5 |
---------------+----------------+-----
Throwing       | 1 2 |  2.8
Dodging        | 2 3 |  3.1
Fighting       | 2 |  2.9
Unarmed Combat | 3 |  3.4
Spellcasting   | 2 |  2.2
Translocations | |  2.1

Action                   |  1- 3 |  4- 6 || total
-------------------------+-------+-------++-------
Melee: Unarmed           |    79 |   295 ||   374
       Punch             |     1 |     3 ||     4
Throw: Boomerang         |       |     2 ||     2
  Use: Scroll            |       |     5 ||     5
 Stab: Sleeping          |     1 |       ||     1
  Eat: Chunk             |    11 |    21 ||    32
Armor: Robe              |    27 |   157 ||   184
Dodge: Dodged            |    39 |   233 ||   272

Table legend:
 A = Non-vault XP
 B = Vault XP
 C = Vault XP percentage of total XP
 D = Non-vault monster count
 E = Vault monster count
 F = Vault count percentage of total count
                 A         B        C        D         E       F
            +---------+---------+-------+---------+---------+-------
      Total |     323 |     238 |  42.4 |      92 |      30 |  24.6
            +---------+---------+-------+---------+---------+-------
        D:1 |      34 |       6 |  15.0 |      16 |       4 |  20.0
        D:2 |      84 |      72 |  46.2 |      37 |      15 |  28.8
        D:3 |     118 |      11 |   8.5 |      34 |       4 |  10.5
        D:4 |      87 |       0 |   0.0 |       5 |       0 |   0.0
      Sewer |       0 |     149 | 100.0 |       0 |       7 | 100.0
            +---------+---------+-------+---------+---------+-------
